Map: Dusk Towers

Players

blackxored - Winner!

  • Race: Zerg Zerg
  • League: Diamond

pedro

  • Race: Protoss Protoss
  • League: Platinum

VOD

Have the link to the VOD?

Description

Time

  • Played on: July 3, 2016, 12:52 p.m.
  • Length: 11:45
Show
View Real Time Build Order
Export as new Build Order

blackxored Zerg - Winner!

Build Orders: Hatch First 

Get SALT Encoding   

  12  0:01  Drone  
  13  0:13  Drone  
  14  0:19  Overlord  
  14  0:27  Extractor, Drone  
  15  0:39  Drone x2  
  17  0:54  Hatchery  
  17  0:57  Drone  
  17  0:59  Drone  
  18  1:11  Extractor  
  17  1:15  Spawning Pool  
  17  1:17  Drone  
  17  1:20  Drone  
  18  1:28  Drone  
  19  1:40  Overlord  
  19  1:52  Hatchery  
  18  1:54  Drone  
  18  2:00  Overlord  
  19  2:07  Queen  
  21  2:11  Zergling x2  
  21  2:15  Zergling x2  
  23  2:25  Metabolic Boost  
  23  2:34  Drone x3  
  26  2:37  Overlord  
  26  2:46  Queen  
  28  2:57  Drone x3  
  31  2:58  Drone  
  31  3:01  Drone  
  33  3:07  Drone  
  33  3:08  Drone  
  33  3:10  Drone  
  36  3:14  Pneumatized Carapace  
  36  3:19  Drone x2  
  38  3:23  Drone  
  39  3:32  Drone x2  
  39  3:33  Drone  
  42  3:35  Queen  
  42  3:41  Evolution Chamber  
  43  3:44  Drone  
  43  3:46  Baneling Nest  
  43  3:47  Drone  
  44  3:53  Drone x3  
  47  3:57  Overlord  
  47  4:19  Spore Crawler  
  47  4:22  Spore Crawler  
  47  4:23  Drone x2  
  47  4:26  Zerg Melee Weapons Level 1  
  47  4:27  Drone x3  
  47  4:28  Extractor  
  47  4:29  Drone  
  50  4:31  Spore Crawler  
  50  4:32  Drone x7  
  50  4:33  Drone  
  50  4:36  Zergling x2  
  50  4:38  Overlord  
  56  4:47  Zergling x2  
  57  4:56  Overlord, Queen  
  57  4:57  Zergling x2  
  57  4:58  Zergling x10  
  64  5:14  Drone  
  64  5:16  Drone x5  
  64  5:17  Drone x3  
  73  5:21  Lair  
  73  5:46  Overlord, Extractor  
  73  5:47  Overlord x2  
  73  5:48  Extractor  
  71  5:51  Spore Crawler  
  71  5:52  Hatchery  
  69  5:57  Zergling x2  
  69  5:58  Zergling x10  
  69  6:01  Drone  
  69  6:02  Drone  
  74  6:09  Baneling x2  
  74  6:10  Baneling x2  
  74  6:12  Baneling x4  
  74  6:16  Drone  
  74  6:17  Drone x3  
  77  6:19  Drone  
  77  6:20  Drone  
  77  6:25  Drone x2  
  81  6:31  Drone x2  
  81  6:32  Infestation Pit  
  82  6:34  Zerg Melee Weapons Level 2  
  82  6:35  Drone  
  82  6:37  Evolution Chamber  
  82  7:02  Drone x5  
  82  7:03  Drone x3  
  82  7:05  Extractor, Drone x3  
  82  7:06  Extractor  
  82  7:07  Drone  
  92  7:14  Centrifical Hooks  
  92  7:16  Zerg Ground Armor Level 1  
  89  7:50  Drone x8  
  96  7:52  Overlord x2  
  96  7:53  Overlord  
  96  8:01  Hive  
  96  8:04  Spire  
  95  8:14  Extractor  
  95  8:15  Drone x4  
  95  8:16  Drone x2  
  95  8:17  Extractor  
  95  8:18  Zergling x2  
  95  8:19  Zergling x18  
  109  8:21  Overseer  
  109  8:45  Drone x11  
  109  8:46  Overlord x2  
  109  8:47  Overlord x2, Extractor, Hatchery  
  118  8:51  Extractor  
  117  9:03  Baneling x3  
  117  9:11  Baneling  
  117  9:23  Corruptor x7, Greater Spire  
  117  9:24  Corruptor x7  
  129  9:25  Corruptor  
  147  9:34  Overseer  
  147  9:35  Spore Crawler  
  146  9:42  Baneling x3  
  146  9:51  Overlord x4  
  146  9:52  Overlord x2  
  146  9:59  Queen  
  146  10:29  Zergling x6  
  146  10:30  Zergling x48  
  146  10:34  Brood Lord x2  
  146  10:35  Brood Lord x6  
  187  10:53  Baneling x18  
  187  10:54  Baneling  
  187  10:55  Baneling  
  187  10:57  Baneling  
  187  11:03  Corruptor  
  188  11:05  Zergling x2  
  188  11:06  Overlord x2  
  188  11:07  Overlord x2  
Show
View Real Time Build Order
Export as new Build Order

pedro Protoss 

Build Orders: 1 Gate Expand, Phoenix Opening 

Get SALT Encoding   

  12  0:01  Probe (Chrono Boost)  
  13  0:12  Probe (Chrono Boost)  
  14  0:18  Pylon  
  14  0:23  Probe (Chrono Boost)  
  15  0:36  Probe (Chrono Boost)  
  15  0:39  Gateway  
  16  0:47  Probe (Chrono Boost)  
  17  1:13  Nexus  
  17  1:19  Assimilator  
  17  1:26  Cybernetics Core  
  17  1:36  Probe (Chrono Boost), Assimilator  
  19  1:47  Probe (Chrono Boost)  
  19  1:56  Pylon  
  19  1:57  Probe (Chrono Boost)  
  20  2:04  Adept  
  20  2:07  Warp Gate  
  20  2:08  Probe (Chrono Boost)  
  23  2:31  Gateway  
  23  2:36  Probe (Chrono Boost)  
  24  2:37  Stargate  
  24  2:39  Probe (Chrono Boost)  
  25  2:47  Probe (Chrono Boost)  
  25  2:49  Probe (Chrono Boost)  
  27  3:00  Mothership Core (Chrono Boost)  
  27  3:02  Assimilator  
  29  3:14  Probe (Chrono Boost)  
  29  3:18  Probe (Chrono Boost)  
  31  3:22  Phoenix (Chrono Boost)  
  31  3:23  Probe  
  34  3:30  Adept x2  
  38  3:35  Probe  
  38  3:36  Probe  
  40  3:45  Probe  
  40  3:46  Phoenix (Chrono Boost)  
  40  3:48  Probe  
  44  4:02  Pylon  
  44  4:08  Phoenix (Chrono Boost)  
  46  4:18  Probe  
  46  4:20  Probe  
  46  4:22  Twilight Council  
  48  4:26  Pylon  
  48  4:30  Phoenix (Chrono Boost)  
  50  4:31  Gateway  
  50  4:40  Probe  
  50  4:41  Probe  
  50  4:45  Pylon  
  52  4:50  Probe  
  53  4:53  Probe  
  53  4:56  Phoenix (Chrono Boost)  
  56  5:01  Probe  
  56  5:05  Probe  
  58  5:28  Adept x2  
  62  5:38  Probe  
  62  5:39  Probe  
  62  5:41  Pylon  
  62  5:42  Pylon  
  64  5:44  Pylon  
  63  5:51  Probe  
  62  6:04  Nexus  
  62  6:05  Probe  
  62  6:07  Pylon, Probe  
  62  6:16  Probe  
  63  6:19  Probe  
  62  6:27  Probe  
  62  6:30  Adept x3  
  62  6:31  Probe  
  70  6:33  Gateway  
  70  6:34  Gateway  
  70  6:36  Gateway  
  70  6:37  Probe  
  71  6:41  Pylon  
  71  6:43  Assimilator, Probe  
  71  6:45  Forge x2  
  72  6:48  Probe  
  72  6:49  Assimilator  
  72  6:50  Assimilator  
  72  6:54  Adept x2  
  77  6:55  Probe  
  77  6:56  Resonating Glaives (Chrono Boost)  
  77  6:58  Probe  
  79  7:06  Robotics Facility  
  79  7:12  Probe  
  79  7:14  Probe  
  81  7:20  Stalker  
  81  7:21  Stalker  
  85  7:23  Probe  
  85  7:26  Probe  
  87  7:33  Probe x2  
  87  7:38  Probe  
  87  7:40  Robotics Facility  
  87  7:42  Pylon  
  87  7:44  Probe  
  82  7:49  Protoss Ground Weapons Level 1, Stalker x3  
  85  7:53  Immortal (Chrono Boost)  
  89  8:02  Protoss Ground Armor Level 1  
  89  8:10  Sentry  
  89  8:11  Sentry x2  
  95  8:26  Observer, Probe x3  
  98  8:27  Charge (Chrono Boost)  
  98  8:30  Immortal  
  103  8:38  Probe x3  
  106  8:42  Immortal  
  110  8:50  Probe  
  111  8:58  Probe x2  
  111  9:02  Probe  
  114  9:05  Templar Archives  
  115  9:10  Observer  
  115  9:14  Probe  
  115  9:16  Warp Prism  
  122  9:31  Immortal  
  122  9:36  Nexus  
  122  9:38  Pylon  
  122  9:43  Zealot x5  
  132  9:47  Pylon  
  132  9:50  Observer  
  132  9:51  Pylon  
  133  10:01  Zealot  
  133  10:06  Immortal  
  135  10:09  High Templar x3  
  135  10:10  Immortal  
  135  10:12  High Templar  
  135  10:13  Stalker  
  153  10:14  Archon  
  153  10:17  Archon  
  143  10:22  Zealot  
  143  10:27  Gateway  
  143  10:28  Gateway  
  145  10:30  Gateway  
  145  10:46  Gateway, Zealot x2, Photon Cannon  
  145  10:48  Gateway  
  138  10:52  Probe  
  139  10:58  Photon Cannon  
  140  11:04  Probe  
  140  11:05  Probe x2  
  142  11:16  Probe  
  143  11:22  Zealot x4  
  131  11:39  Zealot x2  
Tags
 
Add a new tag
Caveats
  • Supply blocks, unpowered buildings, or Contaminate may cause inaccurate times.
  • Supply counts are checked every 10 seconds.